 Dungeon Sprint DCSS version 0.23.2-1-ga50397a6bc (webtiles) character file.

Game seed: 13349066765133297206

17091 Kobolds4U the Unseen (level 12, -3/46 HPs)
             Began as a Spriggan Assassin on May 22, 2019.
             Was the Champion of Dithmenos.
             Slain by a sixfirhy (9 damage)
             ... summoned by a mummy priest
             ... while paralysed
             ... in the Dungeon (Sprint I: "Red Sonja").
             The game lasted 00:23:27 (4009 turns).

Kobolds4U the Unseen (Spriggan Assassin)            Turns: 4009, Time: 00:23:28

Health: -3/46      AC:  2    Str: -2 (3) XL:     12   Next: 15%
Magic:  0/16       EV:  4    Int:  9    God:    Dithmenos [******]
Gold:   240        SH:  0    Dex: 20    Spells: 11/11 levels left

rFire    + . .     SeeInvis +   m - +0 shortbow
rCold    . . .     Gourm    .   (shield currently unavailable)
rNeg     . . .     Faith    .   c - +0 robe
rPois    .         Spirit   +   (helmet restricted)
rElec    .         Reflect  .   d - +0 cloak
rCorr    +         Harm     .   (gloves unavailable)
MR       ++...     Rnd*Rage +   (boots unavailable) Stlth ++++++++++NoTele +
                                j - amulet of Fun {Spirit rF+}
HPRegen  0.00/turn              r - ring of resist corrosion
MPRegen  0.15/turn              i - +3 ring of evasion

@: paralysed, slowed, lost strength, wreathed by umbra, very quick
A: very small, unfitting armour, see invisible, berserk 3, clumsy 1, deformed
body, deterioration 2, dopey 2, herbivore, speed 3, frail 3, low mp 3, sense
surroundings 1, screaming 3, inhibited regeneration, slow metabolism 2, weak 2,
no potion heal 1, subdued magic 3
a: Shadow Step, Shadow Form, Renounce Religion


You were in the Dungeon.
You worshipped Dithmenos.
Dithmenos was exalted by your worship.
You were not hungry.

You visited 1 branch You collected 1243 gold pieces.
You spent 1003 gold pieces at shops.

Inventory:

Hand Weapons
 a - a +2 dagger
 b - a +0 blowgun
 m - a +0 shortbow (weapon)
Missiles
 e - 8 poisoned needles
 f - 11 curare-tipped needles
 s - 11 arrows (quivered)
Armour
 c - a +0 robe (worn)
 d - a +0 cloak (worn)
 q - the +0 buckler of Temperance {+Fly Dex+4}
   (You bought it in a shop in the Dungeon)

   It affects your dexterity (+4).
   It lets you fly.
Magical Staves
 l - an uncursed staff of wizardry
 v - an uncursed staff of cold
Jewellery
 i - a +3 ring of evasion (right hand)
 j - the amulet of Fun (around neck) {Spirit rF+}
   (You bought it in a shop in the Dungeon)

   [amulet of guardian spirit]

   It causes incoming damage to be split between your health and magic.
   It protects you from fire.
 r - a ring of resist corrosion (left hand)
Wands
 n - a wand of flame (18)
 o - a wand of polymorph (4)
 p - a wand of paralysis (4)
 t - a wand of acid (9)
Potions
 h - 4 potions of curing
 k - 2 potions of magic
Comestibles
 g - 4 rations


   Skills:
 * Level 10.2 Fighting
 - Level 10.8 Short Blades
 - Level 14.0 Bows
 - Level 2.0 Throwing
 + Level 17.6 Dodging
 - Level 18.3 Stealth
 - Level 7.5 Shields
 - Level 13.1 Invocations
 - Level 8.1 Evocations


You had 11 spell levels left.
You didn't know any spells.
Your spell library was empty.

Dungeon Overview and Level Annotations

Branches:
Dungeon (1/1)

Altars:
Cheibriados
Dithmenos
Elyvilon
Fedhas
Gozag
Hepliaklqana
Kikubaaqudgha
Makhleb
Nemelex Xobeh
Okawaru
Qazlal
Ru
Sif Muna
Trog
Uskayaw
Vehumet
Wu Jian
Xom
Yredelemnul
Zin
The Shining One
Jiyva
Lugonu

Shops:
D =([[(%[

Annotations:
D exclusion: 2 oklob plants


Innate Abilities, Weirdness & Mutations

You are very small and have problems with some larger weapons.
You are too small for most types of armour.
You have supernaturally acute eyesight. (SInv)
You are a herbivore.
You cover ground extremely quickly.
You need to consume almost no food.
You have an uncontrollable temper.
You are clumsy. (Dex -2)
Armour fits poorly on your strangely shaped body.
Your body often deteriorates upon taking damage.
You are very dopey. (Int -4)
You are extremely frail. (-30% HP)
Your magical capacity is extremely low. (-30% MP)
You passively map a small area around you.
You frequently scream uncontrollably at your foes.
You do not regenerate when monsters are visible.
You are very weak. (Str -4)
Potions are less effective at restoring your health.
Your spells are much easier to cast, but much less powerful.


Message History

The arrow closely misses the mummy priest.
The arrow disappears in a puff of smoke!
Firing (i - inventory)
s - 12 arrows (quivered)
Press: ? - help, Shift-Dir - straight line, f/p - mummy priest
Aim: a mummy priest (lightly damaged, umbra)
You shoot an arrow.
The arrow barely misses the mummy priest.
Your shadow shoots an arrow.
The arrow hits the mummy priest but does no damage.
The arrow disappears in a puff of smoke!
The sixfirhy completely misses you. The sixfirhy hits you!
Your body deteriorates!
You feel weakened.
You have lost your strength.
You emit a cloud of dark smoke.
The sixfirhy shocks you!
Your body deteriorates!
You feel weakened. The sixfirhy hits you. The sixfirhy shocks you!
Your body deteriorates!
You feel weakened. The sixfirhy hits you!
* * * LOW HITPOINT WARNING * * *
The sixfirhy shocks you!
You die...

#######################
*
§§..§§§§§§.§..#^^)$§$$#
§####§§.§§##..'^^# , §#
*##§.§#######§#, .#
,###'#§.(##..# , ##
#.##..$#§§## * ^#
#..###$#§§§### , ^+
##.#A#$#§@§§(# *+ ^# ,
#..###.#§3§§## , .#
#.##..$#.§§## ##
#..#+###..≈# #
##...#P≈(.## #
###.#M≈).#, , , #, ,
#§###..# ,, # , ,,
,#§#.'..# * ####+#○##'#
,


You could see a mummy priest and a sixfirhy.

Vanquished Creatures
  A fire giant (D)
  A deep elf annihilator (D)
  A hydra (D)
  2 centaur warriors (D)
  Sonja (D)
  5 unseen horrors (D)
  A deep troll (D)
  A lindwurm (D)
  8 shining eyes (D)
  2 merfolk sirens (D)
  A gargoyle (D)
  4 demonic crawlers (D)
  2 kobold demonologists (D)
  A hellwing (D)
  2 hornets (D)
  A slime creature (D)
  Sigmund (D)
  A yak (D)
  13 hogs (D)
  6 floating eyes (D)
  An ogre (D)
  A jelly (D)
  Ijyb (D)
  3 ballistomycetes (D)
  A ballistomycete spore (D)
62 creatures vanquished.

Vanquished Creatures (others)
  A gargoyle (D)
  3 hornets (D)
  A ballistomycete spore (D)
5 creatures vanquished.

Grand Total: 67 creatures vanquished

Notes
Turn   | Place    | Note
-------+----------+-------------------------------------------
     0 | D        | Kobolds4U the Spriggan Assassin began the quest for the
                  | Orb.
     0 | D        | Reached XP level 1. HP: 10/10 MP: 2/2
     2 | D        | Noticed Ijyb
     5 | D        | Killed Ijyb
     5 | D        | Reached skill level 10 in Stealth
     5 | D        | Reached XP level 2. HP: 14/14 MP: 3/3
     8 | D        | Noticed an ogre
    11 | D        | Killed an ogre
    11 | D        | Reached skill level 14 in Stealth
    11 | D        | Reached XP level 3. HP: 18/18 MP: 4/4
    11 | D        | Reached XP level 4. HP: 22/22 MP: 5/5
    21 | D        | Noticed Sigmund
    45 | D        | Killed Sigmund
    45 | D        | Reached skill level 18 in Stealth
    45 | D        | Reached XP level 5. HP: 14/25 MP: 6/6
    45 | D        | Reached XP level 6. HP: 17/30 MP: 7/7
   186 | D        | Found an ornate altar of the Wu Jian Council.
   186 | D        | Found a deep blue altar of Sif Muna.
   188 | D        | Found a radiant altar of Vehumet.
   221 | D        | Found Toliolic's Antique Armour Emporium.
   221 | D        | Found an ancient bone altar of Kikubaaqudgha.
   221 | D        | Found a hazy altar of Hepliaklqana.
   221 | D        | Found a hide-covered altar of Uskayaw.
   221 | D        | Found a basalt altar of Yredelemnul.
   221 | D        | Found an opulent altar of Gozag.
   221 | D        | Found a snail-covered altar of Cheibriados.
   221 | D        | Found a sacrificial altar of Ru.
   221 | D        | Found a shadowy altar of Dithmenos.
   221 | D        | Noticed a yak
   222 | D        | Found a stormy altar of Qazlal.
   222 | D        | Found a blossoming altar of Fedhas.
   222 | D        | Found a bloodstained altar of Trog.
   222 | D        | Found an iron altar of Okawaru.
   222 | D        | Found a glowing golden altar of the Shining One.
   222 | D        | Found a glowing silver altar of Zin.
   222 | D        | Found a white marble altar of Elyvilon.
   223 | D        | Killed a yak
   223 | D        | Reached skill level 5 in Dodging
   224 | D        | Found a sparkling altar of Nemelex Xobeh.
   228 | D        | Bought an ichor-stained buckler for 171 gold pieces
   233 | D        | Identified the cursed +0 buckler of Temperance {+Fly Dex+4}
                  | (You bought it in a shop in the Dungeon)
   235 | D        | Became a worshipper of Dithmenos the Shadowed
   248 | D        | Found a viscous altar of Jiyva.
   248 | D        | Found a corrupted altar of Lugonu.
   248 | D        | Noticed a slime creature
   249 | D        | Found a burning altar of Makhleb.
   249 | D        | Found a shimmering altar of Xom.
   251 | D        | Killed a slime creature
   251 | D        | Reached XP level 7. HP: 37/37 MP: 8/8
   263 | D        | Noticed a kobold demonologist
   264 | D        | Noticed a kobold demonologist
   268 | D        | Killed a kobold demonologist
   268 | D        | Reached * piety under Dithmenos
   268 | D        | Reached skill level 5 in Fighting
   270 | D        | Killed a kobold demonologist
   270 | D        | Reached skill level 10 in Short Blades
   270 | D        | Reached XP level 8. HP: 43/43 MP: 9/9
   298 | D        | Noticed Sonja
   302 | D        | Killed Sonja
   320 | D        | Found Ticouxto's Jewellery Boutique.
   328 | D        | Bought an uncursed ring of resist corrosion for 260 gold
                  | pieces
   341 | D        | Noticed a deep troll
   345 | D        | Killed a deep troll
   345 | D        | Reached ** piety under Dithmenos
   345 | D        | Reached XP level 9. HP: 47/47 MP: 9/13
   386 | D        | Found Pataic's Armour Emporium.
   748 | D        | Noticed a centaur warrior
   752 | D        | Noticed a centaur warrior
   760 | D        | Killed a centaur warrior
   760 | D        | Reached skill level 10 in Dodging
   760 | D        | Reached skill level 5 in Evocations
   761 | D        | Killed a centaur warrior
   795 | D        | Noticed an oklob plant
  1040 | D        | Noticed a demonic crawler
  1040 | D        | Noticed a demonic crawler
  1040 | D        | Noticed a demonic crawler
  1040 | D        | Noticed a demonic crawler
  1042 | D        | Killed a demonic crawler
  1042 | D        | Reached *** piety under Dithmenos
  1042 | D        | Reached XP level 10. HP: 51/51 MP: 17/17
  1073 | D        | Reached **** piety under Dithmenos
  1206 | D        | Noticed a gargoyle
  1210 | D        | Killed a gargoyle
  1210 | D        | Reached skill level 10 in Invocations
  1277 | D        | Noticed a lindwurm
  1279 | D        | Killed a lindwurm
  1279 | D        | Reached skill level 15 in Dodging
  1290 | D        | Reached ***** piety under Dithmenos
  1503 | D        | Reached skill level 5 in Bows
  1529 | D        | Reached ****** piety under Dithmenos
  1537 | D        | Noticed a 12-headed hydra
  1539 | D        | Killed a 12-headed hydra
  1539 | D        | Reached XP level 11. HP: 29/56 MP: 20/20
  1722 | D        | Noticed a deep elf annihilator
  1728 | D        | Noticed a mummy priest
  1731 | D        | Noticed an oklob plant
  2305 | D        | Killed a deep elf annihilator
  2305 | D        | Reached skill level 10 in Bows
  2368 | D        | Noticed a daeva
  2372 | D        | Noticed an unseen horror
  2372 | D        | Noticed an unseen horror
  2372 | D        | Noticed an unseen horror
  2373 | D        | Noticed an unseen horror
  2375 | D        | Killed an unseen horror
  2376 | D        | Noticed an unseen horror
  2377 | D        | Killed an unseen horror
  2378 | D        | Killed an unseen horror
  2380 | D        | Killed an unseen horror
  2429 | D        | Killed an unseen horror
  2846 | D        | Noticed a fire giant
  2849 | D        | Noticed a fire giant
  2850 | D        | Noticed a fire giant
  2851 | D        | Noticed a fire giant
  2853 | D        | Killed a fire giant
  3136 | D        | Bought the amulet of Fun {Spirit rF+} for 572 gold pieces
  3361 | D        | Noticed a shining eye
  3361 | D        | Noticed a shining eye
  3361 | D        | Noticed a shining eye
  3361 | D        | Noticed a shining eye
  3361 | D        | Noticed a shining eye
  3361 | D        | Noticed a shining eye
  3362 | D        | Gained mutation: You passively map a small area around you.
                  | [a shining eye]
  3363 | D        | Gained mutation: Your body sometimes deteriorates upon
                  | taking damage. [a shining eye]
  3364 | D        | Noticed a shining eye
  3364 | D        | Noticed a shining eye
  3367 | D        | Killed a shining eye
  3369 | D        | Gained mutation: You are clumsy. (Dex -2) [a shining eye]
  3370 | D        | Paralysed by a floating eye for 2 turns
  3377 | D        | Paralysed by a floating eye for 2 turns
  3383 | D        | Gained mutation: You are dopey. (Int -2) [a shining eye]
  3387 | D        | Paralysed by a floating eye for 2 turns
  3399 | D        | Paralysed by a floating eye for 4 turns
  3415 | D        | Paralysed by a floating eye for 2 turns
  3417 | D        | Gained mutation: You are very dopey. (Int -4) [a shining
                  | eye]
  3419 | D        | Gained mutation: Your body often deteriorates upon taking
                  | damage. [a shining eye]
  3422 | D        | Gained mutation: You are weak. (Str -2) [a shining eye]
  3433 | D        | Gained mutation: You are very weak. (Str -4) [a shining
                  | eye]
  3440 | D        | Killed a shining eye
  3441 | D        | Paralysed by a floating eye for 4 turns
  3455 | D        | Paralysed by a floating eye for 2 turns
  3460 | D        | Gained mutation: You are frail. (-10% HP) [a shining eye]
  3465 | D        | Paralysed by a floating eye for 4 turns
  3468 | D        | Gained mutation: Your magical capacity is low. (-10% MP) [a
                  | shining eye]
  3475 | D        | Paralysed by a floating eye for 4 turns
  3486 | D        | Gained mutation: You are very frail. (-20% HP) [a shining
                  | eye]
  3489 | D        | Paralysed by a floating eye for 3 turns
  3492 | D        | Gained mutation: Your spells are a little easier to cast,
                  | but a little less powerful. [a shining eye]
  3495 | D        | Gained mutation: Your spells are easier to cast, but less
                  | powerful. [a shining eye]
  3497 | D        | Gained mutation: You are very clumsy. (Dex -4) [a shining
                  | eye]
  3498 | D        | Killed a shining eye
  3498 | D        | Gained mutation: You tend to lose your temper in combat. [a
                  | shining eye]
  3515 | D        | Lost mutation: Your magical capacity is low. (-10% MP) [a
                  | shining eye]
  3534 | D        | Gained mutation: You often lose your temper in combat. [a
                  | shining eye]
  3538 | D        | Gained mutation: Potions are less effective at restoring
                  | your health. [a shining eye]
  3541 | D        | Killed a shining eye
  3541 | D        | Reached XP level 12. HP: 52/52 MP: 22/22
  3546 | D        | Gained mutation: Armour fits poorly on your strangely
                  | shaped body. [a shining eye]
  3553 | D        | Gained mutation: You are extremely frail. (-30% HP) [a
                  | shining eye]
  3554 | D        | Gained mutation: You have an uncontrollable temper. [a
                  | shining eye]
  3554 | D        | Gained mutation: Your magical capacity is low. (-10% MP) [a
                  | shining eye]
  3556 | D        | Gained mutation: Your magical capacity is very low. (-20%
                  | MP) [a shining eye]
  3559 | D        | Gained mutation: Your magical capacity is extremely low.
                  | (-30% MP) [a shining eye]
  3561 | D        | Gained mutation: You occasionally shout uncontrollably at
                  | your foes. [a shining eye]
  3566 | D        | Lost mutation: You are very clumsy. (Dex -4) [a shining
                  | eye]
  3566 | D        | Gained mutation: Your spells are much easier to cast, but
                  | much less powerful. [a shining eye]
  3568 | D        | Gained mutation: You are very clumsy. (Dex -4) [a shining
                  | eye]
  3570 | D        | Lost mutation: You are very weak. (Str -4) [a shining eye]
  3572 | D        | Gained mutation: You sometimes yell uncontrollably at your
                  | foes. [a shining eye]
  3574 | D        | Gained mutation: You are very weak. (Str -4) [a shining
                  | eye]
  3599 | D        | Gained mutation: You frequently scream uncontrollably at
                  | your foes. [a shining eye]
  3605 | D        | Lost mutation: You are very clumsy. (Dex -4) [a shining
                  | eye]
  3642 | D        | Reached skill level 10 in Fighting
  3643 | D        | Gained mutation: You do not regenerate when monsters are
                  | visible. [a shining eye]
  3705 | D        | Found Mebuy's Weapon Shoppe.
  3705 | D        | Found Qukk's Antique Weapon Shop.
  3705 | D        | Found Ukul's Antique Armour Emporium.
  3705 | D        | Found Yzetom's Food Boutique.
  4006 | D        | Lost strength.
  4009 | D        | Slain by a sixfirhy

Skill      XL: |  1  2  3  4  5  6  7  8  9 10 11 12 |
---------------+-------------------------------------+-----
Stealth        | 10 14 18 | 18.3
Fighting       | 4 5 9 10 | 10.2
Short Blades   | 7 10 | 10.8
Dodging        | 5 9 13 16 17 | 17.6
Shields        | 2 4 7 |  7.5
Invocations    | 4 8 11 13 | 13.1
Evocations     | 5 8 |  8.1
Bows           | 7 14 | 14.0
Throwing       | |  2.0

Action                   |  1- 3 |  4- 6 |  7- 9 | 10-12 || total
-------------------------+-------+-------+-------+-------++-------
Melee: Dagger            |     2 |    22 |    63 |   645 ||   732
       Unarmed           |       |     4 |       |       ||     4
 Fire: Shortbow          |       |       |       |    28 ||    28
Evoke: Wand              |       |       |       |     7 ||     7
  Use: Scroll            |       |       |     3 |     1 ||     4
       Potion            |       |       |       |     3 ||     3
 Stab: Sleeping          |     2 |     3 |    10 |    19 ||    34
       Paralysed         |       |       |       |     1 ||     1
  Eat: Ration            |       |       |       |     2 ||     2
Armor: Robe              |       |       |       |     5 ||     5
Dodge: Dodged            |       |     9 |       |   249 ||   258
Block: Buckler           |       |       |       |   105 ||   105
